 Dungeon Crawl Stone Soup version 0.29.1-13-g9f3cf754e1 (webtiles) character file.

Game seed: 2343733700453834486

1305 AsbestosFan the Cleaver (level 8, -5/96 HPs)
             Began as a Minotaur Berserker on Jan 20, 2023.
             Was a Priest of Trog.
             Slain by a large abomination (30 damage)
             ... on level 1 of the Abyss.
             The game lasted 00:16:53 (6238 turns).

AsbestosFan the Cleaver (Minotaur Berserker)        Turns: 6238, Time: 00:16:54

Health: -5/96      AC:  8    Str: 27    XL:     8   Next: 31%
Magic:  7/7        EV: 10    Int:  4    God:    Trog [***...]
Gold:   254        SH:  0    Dex: 11    Spells: 7/7 levels left

rFire   . . .      SeeInvis .   v - +6 quarterstaff of Parts Unknown {flame, rC+ Str+4 Stlth-}
rCold   + . .      Faith    .   (shield currently unavailable)
rNeg    . . .      Spirit   .   j - +1 scale mail
rPois   .          Reflect  .   (helmet restricted)
rElec   .          Harm     .   (no cloak)
rCorr   .          Rampage  +   (no gloves)
Will    .....                   w - +0 pair of boots {rampage}
Stlth   ..........              (no amulet)
HPRegen 0.26/turn               (no ring)
MPRegen 0.10/turn               (no ring)

@: berserking (expiring), very quick
A: horns 2, retaliatory headbutt
a: Renounce Religion, Berserk, Trog's Hand


You were on level 1 of the Abyss.
You worshipped Trog.
Trog was most pleased with you.
You visited 1 branch of the dungeon, and saw 5 of its levels.
You visited the Abyss 1 time.
You also visited: Sewer.

You collected 254 gold pieces.

Inventory:

Hand Weapons
 a - a +0 hand axe
 v - the +6 quarterstaff of Parts Unknown (weapon) {flame, rC+ Str+4 Stlth-}
   (You found it on level 5 of the Dungeon)

   It burns those it strikes, dealing additional fire damage.
   Str:       It affects your strength (+4).
   rC:        It protects you from cold.
   Stlth:     It makes you less stealthy.
Missiles
 p - 3 boomerangs (quivered)
Armour
 b - a +0 animal skin
 f - a +0 leather armour
 j - a +1 scale mail (worn)
 w - a +0 pair of boots of rampaging (worn)
Jewellery
 m - an amulet of faith
Wands
 s - a wand of light (4)
 u - a wand of paralysis (2)
Scrolls
 r - 2 scrolls of teleportation
Potions
 c - 4 potions of curing
 d - 3 potions of cancellation {unknown}
 e - a potion of might
 g - a potion of degeneration {unknown}
 h - 2 potions of lignification {unknown}
 i - a potion of flight {unknown}
 k - 2 potions of berserk rage {unknown}
 l - 2 potions of haste {unknown}
 n - a potion of heal wounds
 o - 5 potions of brilliance {unknown}
 q - a potion of mutation {unknown}
 t - a potion of attraction {unknown}


   Skills:
 - Level 3.6 Fighting
 - Level 11.3 Axes
 + Level 5.3 Staves
 - Level 2.4 Armour
 - Level 2.2 Dodging


You had 7 spell levels left.
You didn't know any spells.
Your spell library was empty.

Dungeon Overview and Level Annotations

Branches:
Dungeon (5/15)              Sewer (visited)
 Temple: D:4-7

Altars:
Hepliaklqana
Xom
Lugonu

Shops:
D:1 *(:(   D:2 [

Portals:
Abyss: D:5


Innate Abilities, Weirdness & Mutations

You have a pair of horns on your head.
You reflexively headbutt those who attack you in melee.


Message History

The raiju shocks you!
You miss the raiju. Your headbutt misses the raiju. You closely miss the raiju.
You headbutt the raiju!
The raiju is lightly wounded.
The raiju closely misses you. You furiously retaliate!
You headbutt the raiju! You miss the raiju. Your headbutt misses the raiju.
The raiju is moderately wounded.
The raiju bites you but does no damage.
You sock the raiju! You burn the raiju! You headbutt the raiju.
You kill the raiju!
Trog accepts your kill.
The raiju bursts into living lightning!
The living lightning hits you!
The raiju blinks!
You hear a bark!
Your Staves skill gained 3 levels and is now at level 3!
You have reached level 8!
You feel agile.
You thump the raiju! You burn the raiju.
The raiju is moderately wounded.
The large abomination hits you!!
A raiju comes into view.
The raiju bursts into living lightning!
The living lightning hits you!
* * * LOW HITPOINT WARNING * * *
The raiju blinks!
You hear a bark!
You sock the raiju! You burn the raiju.
The raiju is severely wounded.
You sock the raiju! You burn the raiju.
You kill the raiju!
Trog accepts your kill.
The large abomination barely misses you.
Your Staves skill gained 2 levels and is now at level 5!
The substance of the Abyss twists violently, and a gateway leading out appears!
A raiju comes into view.
There is a gateway leading out of the Abyss here.
You hit the large abomination. You burn the large abomination.
The large abomination is lightly damaged.
The large abomination hits you!!
You die...

#. # . # ......# ..
# #.. ## ... .......
. #... # #.. ..... #
..###. .# . .. .#.#.
.. # #.## . .... #
###. ##.##### ..#. #
.... #...###.# #.
.####.#..§.#.
#..#.##....§@X#.###.
. ####...#..#§#†#..
...# .#..#...#.#...
. #. ...
##.#.#h.#..#.. .
##### .#####.h.. . #
# ##...# . # ....# #
...... . ..#..


You could see a large abomination and 2 raiju.

Vanquished Creatures
  2 raiju (Abyss:1)
  Grinder (D:3)
  Sigmund (D:3)
  A black bear (D:4)
  An ogre (D:4)
  A jelly (D:4)
  2 iguanas
  An orc wizard (D:3)
  A hell rat (Sewer)
  Natasha (thrice) (D:2)
  Robin (D:3)
  3 gnolls (D:4)
  A river rat (Sewer)
  6 adders
  A white imp (D:5)
  An ufetubus (D:4)
  2 worms (D:2)
  2 dart slugs
  10 orcs
  9 endoplasms
  3 giant cockroaches (D:4)
  13 goblins
  7 hobgoblins
  6 kobolds
  7 quokkas
  8 ball pythons
  6 bats
  10 rats
110 creatures vanquished.

Vanquished Creatures (others)
  2 lurking horrors (D:5)
  6 plants (D:1)
8 creatures vanquished.

Grand Total: 118 creatures vanquished

Notes
Turn   | Place    | Note
-------+----------+-------------------------------------------
     0 | D:1      | AsbestosFan the Minotaur Berserker began the quest for the
                  | Orb.
     0 | D:1      | Reached XP level 1. HP: 19/19 MP: 0/0
    16 | D:1      | Found Jutwum's Book Emporium.
   146 | D:1      | Reached skill level 4 in Axes
   283 | D:1      | Found Firay's General Store.
   289 | D:1      | Reached XP level 2. HP: 22/26 MP: 1/1
   413 | D:1      | Found Icotsese's Weapon Emporium.
   859 | D:1      | Found Asuj's Antique Weapon Emporium.
  1419 | D:2      | Reached skill level 5 in Axes
  1470 | D:2      | Reached XP level 3. HP: 31/31 MP: 2/2
  1474 | D:2      | Noticed Natasha
  1485 | D:2      | Killed Natasha
  1602 | D:2      | Found Tootz's Antique Armour Shop.
  1638 | D:2      | Noticed Natasha
  1746 | D:2      | Killed Natasha
  1747 | D:2      | Reached skill level 6 in Axes
  1747 | D:2      | Reached XP level 4. HP: 33/39 MP: 3/3
  2106 | D:2      | Noticed Natasha
  2119 | D:2      | Killed Natasha
  2422 | D:3      | Reached ** piety under Trog
  2439 | D:3      | Reached skill level 7 in Axes
  2439 | D:3      | Reached XP level 5. HP: 19/45 MP: 4/4
  2820 | D:3      | Found a faded altar of an unknown god.
  2824 | D:3      | Noticed Grinder
  2831 | D:3      | Paralysed by Grinder for 2 turns
  2840 | D:3      | Paralysed by Grinder for 2 turns
  2844 | D:3      | Killed Grinder
  2845 | D:3      | Reached skill level 8 in Axes
  2845 | D:3      | Reached XP level 6. HP: 34/51 MP: 5/5
  3026 | D:3      | Noticed Sigmund
  3043 | D:3      | Killed Sigmund
  3044 | D:3      | Reached skill level 9 in Axes
  3364 | D:3      | Reached XP level 7. HP: 57/57 MP: 6/6
  3395 | D:3      | Noticed Robin
  3411 | D:3      | Killed Robin
  3852 | D:3      | Found a hazy altar of Hepliaklqana.
  3854 | D:3      | Found a shimmering altar of Xom.
  3855 | D:3      | Noticed a spectral ugly thing
  4181 | D:4      | Reached skill level 10 in Axes
  4431 | D:4      | Reached *** piety under Trog
  4466 | D:4      | Found a glowing drain.
  4470 | Sewer    | Entered a sewer
  5096 | D:4      | Reached skill level 11 in Axes
  5846 | D:5      | Entered Level 5 of the Dungeon
  5914 | D:5      | Identified the +6 quarterstaff of Parts Unknown {flame, rC+
                  | Str+4 Stlth-}
  5942 | D:5      | Found a corrupted altar of Lugonu.
  5957 | D:5      | Found a one-way gate to the infinite horrors of the Abyss.
  6176 | D:5      | Voluntarily entered the Abyss.
  6221 | Abyss:1  | Noticed a large abomination
  6221 | Abyss:1  | Noticed a raiju
  6228 | Abyss:1  | Noticed a raiju
  6233 | Abyss:1  | Killed a raiju
  6234 | Abyss:1  | Reached XP level 8. HP: 64/64 MP: 7/7
  6234 | Abyss:1  | Noticed a raiju
  6236 | Abyss:1  | Killed a raiju
  6237 | Abyss:1  | Reached skill level 5 in Staves
  6237 | Abyss:1  | Noticed a raiju
  6238 | Abyss:1  | Slain by a large abomination

Illustrated notes

Levels and vault maps discovered:
D:1:      minmay_arrival_solitary_statue, layout_loops_ring, serial_shops,
          nicolae_shop_overgrown_old_shop, nicolae_shop_trees,
          nicolae_square_shop, shop, chequers_serial_rivers_room_a
D:2:      layout_loops_ring, serial_shops, nicolae_shop_waterfront,
          chequers_serial_rivers_room_b, minmay_diced_spiral, uniq_natasha
D:3:      layout_basic, regret_index_temple_of_mockery,
          shapermc_ecumenical_altar_starsandcircs, uniq_sigmund, uniq_grinder,
          uniq_robin
D:4:      layout_layer_cave, gup_sewer_entry_spiral, corexii_corridor_pit,
          serial_park_tiny_1, chequers_decorated_corner
D:5:      layout_gridville, amcnicky_altar_lugonu_corruption
Abyss:1:  base:
D:5

Skill      XL: |  1  2  3  4  5  6  7  8 |
---------------+-------------------------+-----
Axes           | 4 5 6 7 8 9 11 | 11.3
Staves         | 3 5 |  5.3
Fighting       | |  3.6
Armour         | |  2.4
Dodging        | |  2.2

Action                   |  1- 3 |  4- 6 |  7- 9 || total
-------------------------+-------+-------+-------++-------
Melee: Hand axe          |    80 |    88 |   122 ||   290
       Headbutt          |     9 |    11 |    19 ||    39
       Punch             |       |     1 |     1 ||     2
       Quarterstaff      |       |       |    11 ||    11
Throw: Stone             |    13 |    15 |     5 ||    33
       Boomerang         |       |       |    45 ||    45
Invok: Berserk           |     2 |     4 |     4 ||    10
  Use: Scroll            |     4 |     2 |     5 ||    11
Armor: Animal skin       |     4 |       |       ||     4
       Scale mail        |     8 |    32 |    39 ||    79
       Leather armour    |     6 |       |       ||     6
Dodge: Dodged            |    34 |    43 |    59 ||   136
